 Dungeon Crawl Stone Soup version 0.30-a0-777-ga9a30cbeda (webtiles) character file.

Game seed: 9290997390217487856

8 sanka the Changer (level 2, 0/21 HPs)
             Began as a Merfolk Transmuter on Feb 14, 2023.
             Slain by a quokka (1 damage)
             ... on level 1 of the Dungeon.
             The game lasted 00:00:30 (273 turns).

sanka the Changer (Merfolk Transmuter)               Turns: 273, Time: 00:00:31

Health: 0/21       AC:  2    Str: 10    XL:     2   Next: 8%
Magic:  5/5        EV: 12    Int: 12    God:
Gold:   27         SH:  0    Dex: 14    Spells: 4/5 levels left

rFire   . . .      SeeInvis .      - Unarmed
rCold   . . .      Faith    .    (no shield)
rNeg    . . .      Spirit   .    a - +0 robe
rPois   .          Reflect  .    (helmet currently unavailable)
rElec   .          Harm     .    (no cloak)
rCorr   .          Rampage  .    (no gloves)
Will    .....                    (boots currently unavailable)
Stlth   +                        (no amulet)
HPRegen 0.23/turn                (no ring)
MPRegen 0.09/turn                (no ring)

@: appendages
A: horns 2, (nimble swimmer 2), mertail
a: End Transformation


You were on level 1 of the Dungeon.
You had temporarily grown beastly horns.
You visited 1 branch of the dungeon, and saw 1 of its levels.

You collected 27 gold pieces.


Innate Abilities, Weirdness & Mutations

You have temporarily grown beastly horns.
((You are very nimble when in or above water. (Stealth+, EV+, Speed+++)))
Your lower body shifts to a powerful aquatic tail in water.


   Skills:
 - Level 1.1 Fighting
 - Level 2.6 Dodging
 - Level 3.2 Unarmed Combat
 - Level 2.0 Spellcasting
 + Level 3.7 Transmutations


You had 4 spell levels left.
You knew the following spells:

 Your Spells              Type           Power      Damage    Failure   Level
z - Beastly Appendage     Tmut           20%        N/A       6%          1

Your spell library contained the following spells:

 Spells                   Type           Power      Damage    Failure   Level
 Wereblood                Tmut           10%        N/A       9%          2
 Spider Form              Tmut/Pois      5%         N/A       36%         3
 Ice Form                 Ice/Tmut       5%         N/A       77%         4

Inventory:

Armour
 a - a +0 robe (worn)
Scrolls
 c - a scroll of brand weapon {unknown}
Potions
 b - a potion of lignification {!q}

Dungeon Overview and Level Annotations

Branches:
Dungeon (1/15)

Altars:

.....▒.....▒....
▒▒▒▒▒...<...▒ ▒...
.....▒.....▒....
...▒ ...▒▒.▒...▒.▒▒
.....▒
.▒▒..▒.▒.▒.▒..▒▒....
▒...▒.▒.▒.▒.▒...▒..▒
...▒..▒.▒.▒..▒.....▒
..▒..▒..▒..▒..▒.r..▒
.▒...▒..▒..▒...▒m..▒
....▒...▒...▒....g.▒
........▒........▒.▒
▒..............▒▒▒.▒
......▒▒▒.▒▒.▒▒ ▒
▒▒▒▒▒.▒ ▒....▒ ▒.▒
▒▒▒▒.▒ ▒ ▒.▒ ▒.▒ ▒
▒.▒ ▒.▒


You could see a quokka and a goblin.


Message History

The quokka is severely wounded.
The quokka bites you. The goblin hits you with a +0 dagger.
You hit the quokka but do no damage.
The quokka is severely wounded.
The quokka closely misses you.
You barely miss the quokka.
The quokka is severely wounded.
The goblin hits you with a +0 dagger. The quokka barely misses you.
You closely miss the quokka.
You headbutt the quokka, but do no damage.
The quokka is severely wounded.
The quokka bites you. The goblin hits you with a +0 dagger.
* * * LOW HITPOINT WARNING * * *
You barely miss the quokka. Your headbutt misses the quokka.
The quokka is severely wounded.
The quokka completely misses you. The goblin hits you with a +0 dagger.
* * * LOW HITPOINT WARNING * * *
The quokka bites you.
* * * LOW HITPOINT WARNING * * *
You barely miss the quokka.
The quokka is severely wounded.
The goblin hits you with a +0 dagger.
* * * LOW HITPOINT WARNING * * *
The quokka bites you.
You die...

Action                     || total
---------------------------++-------
  Melee: Unarmed           ||    27
         Headbutt          ||     3
         Punch             ||     1
   Cast: Beastly Appendage ||     5
 Armour: Robe              ||     4
  Dodge: Dodged            ||    13

Levels and vault maps discovered:
D:1:      minmay_arrival_radiant_lines, layout_loops_ring,
          hellmonk_ecumenical_altar_arch_garden, chequers_garden,
          minmay_misc_feat_hallway

Notes
Turn   | Place    | Note
-------+----------+-------------------------------------------
     0 | D:1      | sanka the Merfolk Transmuter began the quest for the Orb.
     0 | D:1      | Reached XP level 1. HP: 15/15 MP: 3/3
    33 | D:1      | Reached skill level 3 in Transmutations
   184 | D:1      | Reached XP level 2. HP: 18/21 MP: 3/5
   273 | D:1      | HP: 1/21 [goblin/+0 dagger (2)]
   273 | D:1      | Slain by a quokka

Vanquished Creatures
  A ball python (D:1)
  A bat (D:1)
  2 endoplasms (D:1)
  A giant cockroach (D:1)
  2 kobolds (D:1)
7 creatures vanquished.
